 Dungeon Sprint DCSS version 0.30-a0-989-g0d87f670db (webtiles) character file.

Game seed: 3097268399645070799

539 rocky1 the Blocker (level 7, -5/62 (63) HPs)
             Began as a Formicid Fighter on Apr 4, 2023.
             Was an Initiate of Gozag.
             Slain by a fire elemental (10 damage)
             ... summoned by a deep elf pyromancer
             ... in the Dungeon (Sprint III: "The Ten Rune Challenge").
             The game lasted 00:02:42 (763 turns).

rocky1 the Blocker (Formicid Fighter)                Turns: 763, Time: 00:02:44

HP:   -5/62 (63)    AC:  8    Str: 23    XL:     7   Next: 51%
MP:   7/7           EV: 10    Int:  7    God:    Gozag
Gold: 370           SH:  6    Dex: 13    Spells: 6/6 levels left

rFire   . . .      SeeInvis +    i - +2 spear (venom)
rCold   . . .      Faith    .    c - +0 buckler
rNeg    . . .      Spirit   .    b - +0 scale mail
rPois   .          Reflect  .    (helmet unavailable)
rElec   .          Rampage  .    (no cloak)
rCorr   .                        (no gloves)
Will    .....                    (no boots) Stlth
                                 (no amulet)
HPRegen 0.30/turn                (no ring)
MPRegen 0.10/turn                (no ring)

@: lightly drained
A: permanent stasis, dig shafts and tunnels, antennae 3, four strong arms
a: Dig, Renounce Religion, Potion Petition, Call Merchant, Bribe Branch


You were in the Dungeon.
You worshipped Gozag.
Gozag was aware of your devotion.
You visited 1 branch You collected 370 gold pieces.

Inventory:

Hand Weapons
 i - a +2 spear of venom (weapon)
Armour
 b - a +0 scale mail (worn)
 c - a +0 buckler (worn)
Wands
 p - a wand of flame (14)
Scrolls
 k - a scroll of poison
 n - a scroll of immolation
Potions
 e - a potion of curing
 f - 2 potions of heal wounds
 g - 2 potions of magic
 m - 2 potions of flight
 o - 5 potions of mutation
Miscellaneous
 d - a condenser vane (inert)


   Skills:
 + Level 8.8 Fighting
 + Level 8.1 Polearms
 + Level 9.3 Armour
 + Level 0.9 Dodging
 + Level 9.5 Shields
 * Level 2.1 Evocations


You had 6 spell levels left.
You didn't know any spells.
Your spell library contained the following spells:

 Spells                   Type           Power      Damage    Failure   Level
 Ignite Poison            Fire/Tmut/Pois 0%         N/A       98%         3
 Kindle Blastsparks       Fire/Tloc/Air  0%         2d10      98%         3
 Tukima's Dance           Hex            0%         N/A       98%         3
 Passage of Golubria      Tloc           0%         N/A       100%        4
 Freezing Cloud           Conj/Ice/Air   0%         6-21      100%        5
 Yara's Violent Unravell  Hex/Tmut       0%         3d3       100%        5


Dungeon Overview and Level Annotations

Branches:
Dungeon (1/1)

Altars:
Cheibriados
Dithmenos
Elyvilon
Fedhas
Gozag
Hepliaklqana
Kikubaaqudgha
Makhleb
Nemelex Xobeh
Qazlal
Ru
Sif Muna
Vehumet
Xom
Yredelemnul
Zin
The Shining One
Jiyva
Lugonu


Innate Abilities, Weirdness & Mutations

You cannot be hasted, slowed, berserked, paralysed or teleported.
You can dig through walls and to a lower floor.
You have a pair of large antennae on your head. (SInv)
Your four strong arms can wield two-handed weapons with a shield.


Message History

You block the fire elemental's attack.
The deep elf pyromancer is engulfed in noxious fumes.
The deep elf pyromancer appears confused.
You block the fire elemental's attack.
The deep elf pyromancer is engulfed in noxious fumes.
The deep elf pyromancer closely misses the fire elemental.
The deep elf pyromancer hits itself with a +1 long sword of holy wrath.
You block the fire elemental's attack. You block the fire elemental's attack.
The fire elemental barely misses you.
The deep elf pyromancer is engulfed in noxious fumes.
The deep elf pyromancer hits the fire elemental with a +1 long sword of holy wrath.
The fire elemental hits you. The fire elemental burns you!
The deep elf pyromancer is engulfed in noxious fumes.
The deep elf pyromancer appears confused.
The deep elf pyromancer closely misses the fire elemental.
The fire elemental misses you.
The deep elf pyromancer is engulfed in noxious fumes.
The deep elf pyromancer appears confused.
The deep elf pyromancer completely misses the fire elemental.
You block the fire elemental's attack.
The deep elf pyromancer is engulfed in noxious fumes.
Really walk into that cloud of noxious fumes?
Okay, then.
The fire elemental completely misses you.
The deep elf pyromancer is engulfed in noxious fumes.
The deep elf pyromancer appears confused.
You block the fire elemental's attack. The fire elemental hits you.
The fire elemental burns you!
There is a fountain of clear blue water here.
There is an open door to the Ecumenical Temple here.
The fire elemental hits you. The fire elemental burns you!
The fire elemental hits you. The fire elemental burns you!
* * * LOW HITPOINT WARNING * * *
The fire elemental barely misses you. The fire elemental hits you.
The fire elemental burns you!
* * * LOW HITPOINT WARNING * * *
The fire elemental hits you. The fire elemental burns you!
You die...
Your body crumbles into a pile of gold. ▓▓▓▓▓ ▓▓▓ #...#### ##.##### #### $ #......#####..#___# {#__#$ $ #..)....#..#..#!.e# {#._# {{{ ##.##...#..#..###§#+###)##$ {{{ ##.###..##'#..#○○○!......# ${{{ ###.##..###...'EE○.......# $$$$

#..##..####...#.@.######'#
$ $
...##..###....#.⌠.#__#...#
..##...##.....#...#__#...#
.##...†#......#)###__#...#
{
###..##.#.....#...#__#...+
# #.. ####....#___#__'...#
▓ ▓▓▓ ▓▓▓▓▓▓▓▓▓▓▓▓▓▓▓▓▓ {
{ {


You could see a deep elf pyromancer (confused) and 2 fire elementals.

Vanquished Creatures
  A shadow (D)
  A spatial vortex (D)
  A necrophage (D)
  A water elemental (D)
  A jelly (D)
  Jessica (D)
  A wizard (D)
  A necromancer (D)
  A kobold demonologist (D)
  A human (D)
  A phantom (D)
  2 endoplasms (D)
  A rat (D)
14 creatures vanquished.

Notes
Turn   | Place    | Note
-------+----------+-------------------------------------------
     0 | D        | rocky1 the Formicid Fighter began the quest for the Orb.
     0 | D        | Reached XP level 1. HP: 18/18 MP: 1/1
    22 | D        | Noticed Jessica
    30 | D        | Killed Jessica
    31 | D        | Reached skill level 5 in Shields
    31 | D        | Reached XP level 2. HP: 10/26 MP: 2/2
    31 | D        | Reached XP level 3. HP: 12/31 MP: 3/3
   138 | D        | Reached skill level 5 in Fighting
   138 | D        | Reached skill level 5 in Armour
   350 | D        | Reached XP level 4. HP: 26/39 MP: 4/4
   418 | D        | Noticed a water elemental
   423 | D        | Killed a water elemental
   424 | D        | Reached XP level 5. HP: 46/46 MP: 5/5
   435 | D        | Noticed a shadow
   442 | D        | Killed a shadow
   443 | D        | Reached XP level 6. HP: 39/55 MP: 6/6
   453 | D        | Found a blossoming altar of Fedhas.
   453 | D        | Found a stormy altar of Qazlal.
   453 | D        | Found a snail-covered altar of Cheibriados.
   453 | D        | Found a burning altar of Makhleb.
   453 | D        | Found a shimmering altar of Xom.
   453 | D        | Noticed a spatial vortex
   454 | D        | Found a hazy altar of Hepliaklqana.
   454 | D        | Found an opulent altar of Gozag.
   454 | D        | Found a sparkling altar of Nemelex Xobeh.
   454 | D        | Found a corrupted altar of Lugonu.
   454 | D        | Found a viscous altar of Jiyva.
   460 | D        | Became a worshipper of Gozag Ym Sagoz the Greedy
   465 | D        | Killed a spatial vortex
   466 | D        | Reached XP level 7. HP: 41/63 MP: 7/7
   547 | D        | Found a basalt altar of Yredelemnul.
   547 | D        | Found a shadowy altar of Dithmenos.
   547 | D        | Found a sacrificial altar of Ru.
   572 | D        | Reached skill level 1 in Evocations
   605 | D        | Found a radiant altar of Vehumet.
   605 | D        | Found a shimmering blue altar of Sif Muna.
   605 | D        | Found an ancient bone altar of Kikubaaqudgha.
   614 | D        | Noticed a chaos spawn
   748 | D        | Found a glowing silver altar of Zin.
   748 | D        | Found a glowing golden altar of the Shining One.
   748 | D        | Found a white marble altar of Elyvilon.
   748 | D        | Noticed a deep elf pyromancer
   750 | D        | Noticed a fire elemental
   750 | D        | Noticed a fire elemental
   763 | D        | Slain by a fire elemental

Illustrated notes

Levels and vault maps discovered:
D:        dungeon_sprint_mu [sprint_mu_entry_cave, sprint_mu_temple_rooms,
          sprint_mu_d1_spiders, sprint_mu_d2_genie, sprint_mu_d3_branching,
          sprint_mu_orc_legion, sprint_mu_elf_gauntlet, sprint_mu_hive_nellie,
          sprint_mu_lair_fedhas, sprint_mu_vaults_butterflies,
          sprint_mu_slime_circle, sprint_mu_shoals_archi,
          sprint_mu_snake_twists, sprint_mu_blade_basic, sprint_mu_crypt_lich,
          sprint_mu_tomb_spiral, sprint_mu_vestibule_basic,
          sprint_mu_gehenna_hellfire, sprint_mu_dis_giant,
          sprint_mu_tartarus_statrot, sprint_mu_cocytus_islands, sprint_mu_zot1]

Skill      XL: |  1  2  3  4  5  6  7 |
---------------+----------------------+-----
Fighting       | 4 5 6 7 8 |  8.8
Armour         | 4 5 6 8 9 |  9.3
Shields        | 5 6 7 8 9 |  9.5
Polearms       | 3 4 6 7 8 |  8.1
Evocations     | 2 |  2.1
Dodging        | |  0.9

Action                     |  1- 3 |  4- 6 |  7- 9 || total
---------------------------+-------+-------+-------++-------
  Melee: Trident           |     9 |       |       ||     9
         Spear             |    26 |    20 |    36 ||    82
  Evoke: Condenser vane    |       |       |     1 ||     1
    Use: Potion            |       |     1 |       ||     1
         Scroll            |       |       |     3 ||     3
 Armour: Scale mail        |     2 |     1 |    13 ||    16
  Dodge: Dodged            |     9 |     4 |     9 ||    22
  Block: Buckler           |     7 |     1 |    10 ||    18

Table legend: (Time is in decaauts)
 A = Elapsed time spent in this place.
 B = Non-inter-level travel time spent in this place.
 C = Inter-level travel time spent in this place.
 D = Time resting spent in this place.
 E = Time spent auto-exploring this place.
 F = Levels seen in this place.
 G = Mean time per level.
                   A        B        C        D        E       F      G
               +--------+--------+--------+--------+--------+-----+--------+
         Total |    751 |    751 |      0 |    488 |     13 |   1 |  751.0 |
       Dungeon |    751 |    751 |      0 |    488 |     13 |   1 |  751.0 |
               +--------+--------+--------+--------+--------+-----+--------+

Top non-repeatable levels by time:
       D: 751 daAuts
